 Dungeon Crawl Stone Soup version 0.30-a0-457-g4b7bca3bfa (webtiles) character file.

Game seed: 5601910939503956689

25410 p00ps00p the Cleaver (level 13, -2/118 (122) HPs)
             Began as a Hill Orc Fighter on Dec 14, 2022.
             Was an Initiate of Gozag.
             Slain by a soul eater (4 damage)
             ... summoned by an orc high priest
             ... on level 2 of the Orcish Mines.
             The game lasted 00:25:59 (19756 turns).

p00ps00p the Cleaver (Hill Orc Fighter)            Turns: 19756, Time: 00:26:00

HP:   -2/118 (122)  AC:  7    Str: 30    XL:     13   Next: 19%
MP:   22/22         EV:  8    Int: 11    God:    Gozag
Gold: 1137          SH: 14    Dex: 15    Spells: 12/12 levels left

rFire   . . .      SeeInvis +    e - +3 war axe (freeze)
rCold   + . .      Faith    .    m - +2 kite shield
rNeg    . . .      Spirit   .    q - +0 chain mail
rPois   .          Reflect  .    a - +2 helmet of Radistre {Will+ Dex+3}
rElec   +          Harm     .    h - +2 cloak {Will+}
rCorr   .          Rampage  .    p - +0 pair of gloves
Will    +++..                    f - +1 pair of boots of Faiwer {Int+3}
Stlth   ..........               B - amulet of magic regeneration
HPRegen 0.39/turn                c - ring of Lihy {rElec Dex+2 SInv}
MPRegen 0.58/turn                t - ring of Fragile Peace {rC+ Will+ MP+9 Str+6 Stlth+}

@: corroded, lightly drained
A: no striking features
a: Renounce Religion, Convert to Beogh, Potion Petition, Call Merchant, Bribe
Branch


You were on level 2 of the Orcish Mines.
You worshipped Gozag.
Gozag was most pleased with you.
You visited 3 branches of the dungeon, and saw 16 of its levels.

You collected 3972 gold pieces.
You spent 1365 gold pieces at shops.
You paid 1470 gold pieces to Gozag.

Inventory:

Hand Weapons
 e - a +3 war axe of freezing (weapon)
 g - a +2 antimagic hand axe
 n - a +1 scimitar of flaming
Missiles
 k - 54 poisoned darts (quivered)
 u - 3 throwing nets
Armour
 a - the +2 helmet of Radistre (worn) {Will+ Dex+3}
   (You bought it in a shop on level 12 of the Dungeon)

   Dex:       It affects your dexterity (+3).
   Will:      It increases your willpower.
 f - the +1 pair of boots of Faiwer (worn) {Int+3}
   (You found it on level 10 of the Dungeon)

   Int:       It affects your intelligence (+3).
 h - a +2 cloak of willpower (worn)
 m - a +2 kite shield (worn)
 p - a +0 pair of gloves (worn)
 q - a +0 chain mail (worn)
Jewellery
 c - the ring of Lihy (left hand) {rElec Dex+2 SInv}
   (You bought it in a shop on level 10 of the Dungeon)

   [ring of see invisible]

   Dex:       It affects your dexterity (+2).
   rElec:     It insulates you from electricity.
   SInv:      It lets you see invisible.
 t - the ring of Fragile Peace (right hand) {rC+ Will+ MP+9 Str+6 Stlth+}
   (You found it on level 6 of the Dungeon)

   [ring of strength]

   Str:       It affects your strength (+6).
   rC:        It protects you from cold.
   MP:        It affects your magic capacity (+9).
   Will:      It increases your willpower.
   Stlth:     It makes you more stealthy.
 B - an amulet of magic regeneration (around neck)
Wands
 i - a wand of iceblast (4)
 s - a wand of charming (20)
 A - a wand of polymorph (2)
 G - a wand of flame (3)
Scrolls
 d - a scroll of amnesia
 l - a scroll of butterflies
 r - a scroll of fear
 y - a scroll of teleportation
Potions
 b - 2 potions of cancellation
 j - 3 potions of brilliance
 w - 3 potions of attraction
 z - 2 potions of ambrosia {unknown}
 F - 2 potions of mutation {unknown}


   Skills:
 + Level 13.6 Fighting
 + Level 14.5 Axes
 + Level 12.5 Armour
 + Level 12.5 Shields


You had 12 spell levels left.
You didn't know any spells.
Your spell library contained the following spells:

 Spells                   Type           Power      Damage    Failure   Level
 Kiss of Death            Conj/Necr      0%         2d5       94%         1
 Sting                    Tmut/Pois      0%         1d3       94%         1
 Cigotuvi's Dreadful Rot  Necr/Pois/Air  0%         N/A       98%         2
 Ensorcelled Hibernation  Hex/Ice        0%         N/A       98%         2
 Poisonous Vapours        Pois/Air       0%         N/A       98%         2
 Static Discharge         Conj/Air       0%         2-2/arc   98%         2
 Confusing Touch          Hex            0%         N/A       100%        3
 Dazzling Flash           Conj/Hex       0%         N/A       100%        3
 Spider Form              Tmut/Pois      0%         N/A       100%        3
 Vhi's Electric Charge    Tloc/Air       0%         N/A       100%        3
 Anguish                  Hex/Necr       0%         N/A       100%        4
 Dispel Undead            Necr           0%         3d6       100%        4
 Iskenderun's Mystic Bla  Conj/Tloc      0%         2d3       100%        4
 Olgreb's Toxic Radiance  Pois           0%         N/A       100%        4
 Arcjolt                  Conj/Air       0%         1d10      100%        5
 Lightning Bolt           Conj/Air       0%         1d11      100%        5
 Death Channel            Necr           0%         N/A       100%        6
 Starburst                Conj/Fire      0%         6d3       100%        6


Dungeon Overview and Level Annotations

Branches:
Dungeon (13/15)            Temple (1/1) D:4            Lair (0/5) D:9
    Orc (2/2) D:12            Elf (0/3) Orc:2
 Vaults: D:13-14

Altars:
Ashenzari
Cheibriados
Dithmenos
Elyvilon
Fedhas
Gozag
Hepliaklqana
Kikubaaqudgha
Makhleb
Nemelex Xobeh
Okawaru
Qazlal
Ru
Sif Muna
Trog
Uskayaw
Vehumet
Wu Jian
Xom
Yredelemnul
Zin
The Shining One
Lugonu

Shops:
D:10 =   D:12 [   D:13 *

Annotations:
D:12 Snorg
D:13 Rupert


Message History

The orc high priest hits you but does no damage.
The rust devil hits you. The rust devil corrodes you!
You closely miss the orc high priest.
The orc high priest is severely wounded.
You barely miss the hellwing.
You hit the rust devil but do no damage.
The soul eater draws from the surrounding life force!
* * * LOW HITPOINT WARNING * * *
You block the hellwing's attack.
The hellwing hits you but does no damage.
The orc high priest hits you but does no damage.
The rust devil hits you. The rust devil corrodes you!
You hit the orc high priest. You freeze the orc high priest.
The orc high priest is almost dead.
You hit the hellwing but do no damage.
You hit the rust devil but do no damage.
You block the hellwing's attack.
The hellwing hits you but does no damage.
The orc high priest shouts, "Surrender to Beogh and we'll let you live!"
The orc high priest barely misses you.
You closely miss the orc high priest.
The orc high priest is almost dead.
You hit the rust devil but do no damage.
You hit the hellwing. You freeze the hellwing. The rust devil hits you.
The rust devil corrodes you! The hellwing hits you!
* * * LOW HITPOINT WARNING * * *
The hellwing barely misses you. You block the orc high priest's attack.
An orc wizard comes into view. It is wielding a +0 dagger.
The orc wizard shouts!
You hit the orc high priest. You freeze the orc high priest.
The orc high priest is almost dead.
You hit the soul eater but do no damage.
You hit the rust devil but do no damage.
You hit the hellwing but do no damage.
The orc high priest threatens, "By the altar or by the axe, you will meet Beogh!"
You block the rust devil's attack. The soul eater hits you!!
* * * LOW HITPOINT WARNING * * *
You feel drained.
You die...
Your body crumbles into a pile of gold.

#..................
#...................
#..................
#..................
#..................
#.......$$.........
#....$..$.$........
##.44....$$.$.......
#..@.#.......$......
#.3o##..............
#....#...............
รท.....##.......#.......
o.....# #............#.#
##...# #...........## #
#### ............### $
.............##
......#.......#


You could see a soul eater (summoned), an orc high priest, a hellwing
(summoned), a rust devil (summoned) and an orc wizard.

Vanquished Creatures
  Erica (D:11)
  A boulder beetle (D:11)
  3 two-headed ogres
  2 centaur warriors (D:13)
  An orc high priest (Orc:2)
  Urug (D:11)
  Nergalle (D:12)
  Sonja (D:10)
  2 orc knights (Orc:2)
  An orc sorcerer (Orc:2)
  A deep elf pyromancer (D:12)
  2 manticores
  A gargoyle (D:12)
  2 unseen horrors
  5 kobold demonologists
  Psyche (D:10)
  2 komodo dragons
  2 trolls (D:12)
  4 slime creatures (D:13)
  Sigmund (D:2)
  11 yaks
  3 wyverns
  4 shadows
  2 vampires
  Eustachio (D:5)
  5 wraiths
  7 vampire mosquitoes
  2 water moccasins
  6 wargs
  2 ice beasts
  17 orc warriors
  A sky beast (D:6)
  3 black bears
  6 centaurs
  4 phantoms
  6 kobold brigands
  5 bullfrogs
  A necrophage (D:4)
  A gnoll sergeant (D:8)
  3 scorpions
  11 wights
  A troll zombie (D:12)
  4 killer bees (D:9)
  An electric eel (D:8)
  4 howler monkeys
  19 orc priests
  2 gnoll boudas (D:8)
  3 hounds
  Natasha (thrice) (D:2)
  An iguana (D:6)
  18 orc wizards
  5 ogre zombies (D:12)
  4 adders
  20 gnolls
  A white imp (D:7)
  3 dart slugs
  3 worms
  76 orcs
  3 endoplasms
  2 giant cockroaches
  9 goblins
  6 hobgoblins
  10 jackals
  11 kobolds
  4 quokkas
  3 ball pythons
  5 bats
  4 frilled lizards
  2 goblin skeletons (D:12)
  2 goblin zombies (D:12)
  2 hobgoblin zombies (D:12)
  An orc skeleton (D:12)
  12 orc zombies (D:12)
  9 rats
389 creatures vanquished.

Vanquished Creatures (others)
  An orc wizard (D:10)
  9 demonic plants (D:13)
  19 plants
29 creatures vanquished.

Grand Total: 418 creatures vanquished

Notes
Turn   | Place    | Note
-------+----------+-------------------------------------------
     0 | D:1      | p00ps00p the Hill Orc Fighter began the quest for the Orb.
     0 | D:1      | Reached XP level 1. HP: 19/19 MP: 1/1
   240 | D:1      | Reached XP level 2. HP: 23/27 MP: 2/2
   273 | D:1      | Reached skill level 3 in Axes
   638 | D:1      | Reached XP level 3. HP: 33/33 MP: 3/3
  1333 | D:2      | Noticed Natasha
  1340 | D:2      | Killed Natasha
  1341 | D:2      | Reached XP level 4. HP: 36/41 MP: 4/4
  1429 | D:2      | Noticed Sigmund
  1439 | D:2      | Noticed Natasha
  1442 | D:2      | Killed Sigmund
  1443 | D:2      | Reached skill level 5 in Fighting
  1443 | D:2      | Reached skill level 4 in Axes
  1443 | D:2      | Reached XP level 5. HP: 37/48 MP: 1/5
  1443 | D:2      | Reached XP level 6. HP: 43/56 MP: 1/6
  1448 | D:2      | Killed Natasha
  1473 | D:2      | Noticed Natasha
  1479 | D:2      | Killed Natasha
  1574 | D:2      | Found a faded altar of an unknown god.
  1997 | D:3      | Reached skill level 5 in Axes
  2125 | D:3      | Found an iron altar of Okawaru.
  3657 | D:4      | Reached skill level 5 in Armour
  3780 | D:4      | Found a staircase to the Ecumenical Temple.
  3824 | D:4      | Reached skill level 5 in Shields
  3824 | D:4      | Reached XP level 7. HP: 58/62 MP: 7/7
  3839 | Temple   | Entered the Ecumenical Temple
  4036 | Temple   | Became a worshipper of Gozag Ym Sagoz the Greedy
  4664 | D:4      | Found a burning altar of Makhleb.
  4707 | D:5      | Entered Level 5 of the Dungeon
  4860 | D:5      | Identified the +0 leather armour of Wu Jian's Displeasure
                  | {rElec Str+3}
  4916 | D:5      | Reached skill level 6 in Axes
  5468 | D:5      | Noticed Eustachio
  5487 | D:5      | Killed Eustachio
  5488 | D:5      | Reached XP level 8. HP: 68/71 MP: 8/8
  5807 | D:6      | Reached skill level 7 in Axes
  6297 | D:6      | Noticed a shadow
  6345 | D:6      | Killed a shadow
  6346 | D:6      | Reached XP level 9. HP: 33/80 MP: 9/9
  6354 | D:6      | Reached skill level 8 in Axes
  6773 | D:6      | Found a shadowy altar of Dithmenos.
  6911 | D:6      | Identified the ring of Fragile Peace {rC+ Will+ MP+9 Str+6
                  | Stlth+}
  7508 | D:7      | Found an ornate altar of the Wu Jian Council.
  7901 | D:8      | Reached skill level 9 in Axes
  8685 | D:8      | Reached XP level 10. HP: 13/91 MP: 10/10
  9759 | D:9      | Reached skill level 10 in Axes
 10162 | D:9      | Found a staircase to the Lair.
 10330 | D:10     | Entered Level 10 of the Dungeon
 10335 | D:10     | Noticed Psyche
 10348 | D:10     | Killed Psyche
 10372 | D:10     | Bought the ring of Lihy {rElec Dex+2 SInv} for 597 gold
                  | pieces
 10448 | D:10     | Noticed a two-headed ogre
 10458 | D:10     | Killed a two-headed ogre
 10459 | D:10     | Reached skill level 10 in Fighting
 10464 | D:10     | Noticed a kobold demonologist
 10488 | D:10     | Noticed a smoke demon
 11117 | D:10     | Noticed a sun demon
 11119 | D:10     | Noticed a soul eater
 11124 | D:10     | Killed a kobold demonologist
 11125 | D:10     | Reached skill level 11 in Axes
 11125 | D:10     | Reached XP level 11. HP: 39/101 MP: 11/11
 11547 | D:10     | Identified the +1 pair of boots of Faiwer {Int+3}
 11589 | D:10     | Noticed Sonja
 12131 | D:10     | Killed Sonja
 12647 | D:10     | Reached skill level 10 in Shields
 12655 | D:10     | Reached skill level 10 in Armour
 12672 | D:10     | Found a hide-covered altar of Uskayaw.
 12672 | D:10     | Found a faded altar of an unknown god.
 12768 | D:10     | Found a bloodstained altar of Trog.
 12770 | D:10     | Found a faded altar of an unknown god.
 12772 | D:10     | Found a broken altar of Ashenzari.
 12906 | D:11     | Noticed Urug
 12911 | D:11     | Killed Urug
 12969 | D:11     | Noticed Erica
 12969 | D:11     | Noticed a boulder beetle
 12984 | D:11     | Killed Erica
 13000 | D:11     | Killed a boulder beetle
 13001 | D:11     | Reached skill level 12 in Axes
 14059 | D:12     | Found a staircase to the Orcish Mines.
 14364 | D:12     | Noticed a manticore
 14365 | D:12     | Noticed a deep elf pyromancer
 14373 | D:12     | Killed a deep elf pyromancer
 14374 | D:12     | Reached XP level 12. HP: 81/112 MP: 12/12
 14509 | D:12     | Reached skill level 13 in Axes
 14780 | D:12     | Noticed a two-headed ogre
 14781 | D:12     | Noticed Nergalle
 14791 | D:12     | Killed a two-headed ogre
 14797 | D:12     | Killed Nergalle
 15250 | D:12     | Noticed Snorg
 16536 | Orc:1    | Entered Level 1 of the Orcish Mines
 16842 | D:12     | Bought a +2 cloak of willpower for 301 gold pieces
 16924 | Orc:1    | Noticed a two-headed ogre
 16953 | D:12     | Killed a two-headed ogre
 17477 | D:12     | Bought the +2 helmet of Radistre {Will+ Dex+3} for 467 gold
                  | pieces
 17567 | D:13     | Noticed a centaur warrior
 17577 | D:13     | Killed a centaur warrior
 17734 | D:13     | Noticed a centaur warrior
 17745 | D:13     | Killed a centaur warrior
 18219 | D:13     | Reached skill level 14 in Axes
 18411 | D:13     | Found Akhytaet's Overcharged Wands.
 18433 | D:13     | Found a corrupted altar of Lugonu.
 18560 | D:13     | Noticed a centaur warrior
 18564 | D:13     | Noticed Rupert
 18568 | D:13     | Noticed a tengu warrior
 18575 | D:13     | Noticed a centaur warrior
 19080 | Orc:2    | Entered Level 2 of the Orcish Mines
 19132 | Orc:1    | Reached XP level 13. HP: 122/122 MP: 13/13
 19450 | Orc:2    | Found a staircase to the Elven Halls.
 19756 | Orc:2    | HP: 2/122 [soul eater[an orc high priest] (20)]
 19756 | Orc:2    | Slain by a soul eater

Illustrated notes

Levels and vault maps discovered:
D:1:      matt_arrival_grand_opening, layout_loops_corners,
          kennysheep_another_room
D:2:      layout_loops_ring, shapermc_ecumenical_altar_pompeii, uniq_natasha,
          uniq_sigmund
D:3:      layout_basic, lemuel_tele_altar, serial_corexii_hall,
          chequers_hall_statues_y, chequers_hall_statues_y, grunt_ministairs_13
D:4:      layout_loops_corners, bloody_makhleb,
          minmay_temple_entry_statues_fountains, kennysheep_big_empty_room
D:5:      layout_loops_corners, uniq_eustachio
D:6:      layout_rooms, mainiacjoe_overflow_concentric_impassable, minivault_10,
          nicolae_titane
D:7:      layout_rooms, mainiacjoe_overflow_24_doors
D:8:      layout_basic, nicolae_grassy_gnolls
D:9:      layout_basic, lair_entry_dummy
D:10:     layout_basic, chequers_temple_overflow_minitemple, uniq_psyche,
          uniq_sonja
D:11:     layout_rooms, nicolae_figureground_pulse, uniq_urug, uniq_erica
D:12:     layout_irregular_city, zombieorc1_lemuel, dk_vineyard_2, uniq_snorg,
          uniq_nergalle
D:13:     kennysheep_kobold_lugonu_temple, layout_long_grid,
          portal_ice_cave_entry_pillars_2, hex_medium,
          nicolae_shop_overcharged_wands, uniq_rupert
Temple:   nicolae_temple_bog_church
Orc:1:    layout_caves, nicolae_orc_lava_room
Orc:2:    grunt_orc_tribal_feast, layout_diamond_mine

Skill      XL: |  1  2  3  4  5  6  7  8  9 10 11 12 |
---------------+-------------------------------------+-----
Axes           | 3 4 5 6 7 9 11 12 14 | 14.5
Fighting       | 4 5 6 7 9 10 11 13 | 13.6
Armour         | 4 5 6 8 9 10 12 | 12.5
Shields        | 4 5 7 8 9 10 12 | 12.5

Action                   |  1- 3 |  4- 6 |  7- 9 | 10-12 | 13-15 || total
-------------------------+-------+-------+-------+-------+-------++-------
Melee: War axe           |   101 |   100 |   304 |   609 |    95 ||  1209
       Hand axe          |       |     2 |       |       |       ||     2
       Unarmed           |       |       |       |     6 |       ||     6
Invok: Call Merchant     |       |       |       |     2 |       ||     2
Evoke: Wand              |       |       |       |     9 |       ||     9
  Use: Scroll            |     2 |     4 |    15 |    11 |       ||    32
       Potion            |       |       |     2 |     9 |       ||    11
 Stab: Distracted        |       |       |     1 |     1 |       ||     2
Armor: Scale mail        |    56 |    27 |       |       |       ||    83
       Chain mail        |       |     4 |    99 |   308 |    32 ||   443
       Skin              |       |       |       |     1 |       ||     1
Dodge: Dodged            |    58 |    49 |   230 |   194 |    23 ||   554
       Repelled          |       |       |       |     5 |       ||     5
Block: Buckler           |    26 |    27 |    87 |       |       ||   140
       Kite shield       |       |       |    10 |   504 |    48 ||   562

Table legend: (Time is in decaauts)
 A = Elapsed time spent in this place.
 B = Non-inter-level travel time spent in this place.
 C = Inter-level travel time spent in this place.
 D = Time resting spent in this place.
 E = Time spent auto-exploring this place.
 F = Levels seen in this place.
 G = Mean time per level.
                   A        B        C        D        E       F      G
               +--------+--------+--------+--------+--------+-----+--------+
         Total |  19870 |  19154 |    716 |   5554 |  10818 |  16 | 1241.9 |
       Dungeon |  18708 |  18061 |    647 |   5554 |   9967 |  13 | 1439.1 |
        Temple |    223 |    190 |     33 |      0 |    176 |   1 |  223.0 |
  Orcish Mines |    938 |    902 |     36 |      0 |    674 |   2 |  469.0 |
               +--------+--------+--------+--------+--------+-----+--------+

Top non-repeatable levels by time:
    D:12: 3467 daAuts
     D:9: 2143 daAuts
     D:3: 1639 daAuts
     D:5: 1571 daAuts
    D:10: 1543 daAuts
    D:13: 1481 daAuts
     D:8: 1351 daAuts
     D:1: 1186 daAuts
     D:6: 1139 daAuts
     D:4: 960 daAuts
    D:11: 932 daAuts
     D:2: 781 daAuts
   Orc:1: 523 daAuts
     D:7: 510 daAuts
   Orc:2: 415 daAuts
